 Dungeon Sprint DCSS version 0.23-a0-147-g7935be9 (webtiles) character file.

18273 Fang the Severer (level 12, -8/92 HPs)
             Began as a Gargoyle Berserker on Sept 5, 2018.
             Was a High Priest of Trog.
             Mangled by a hellephant (21 damage)
             ... in the Dungeon (Sprint VII: "The Pits") on Sept 6, 2018.
             The game lasted 00:18:20 (3767 turns).

Fang the Severer (Gargoyle Berserker)               Turns: 3767, Time: 00:18:21

Health: -8/92      AC: 15    Str: 27    XL:     12   Next: 56%
Magic:  12/12      EV: 19    Int:  7    God:    Trog [*****.]
Gold:   17         SH:  0    Dex: 12    Spells: 11/11 levels left

rFire    . . .     SeeInvis .   m - +7 battleaxe of the Forgotten Moons {chop, rElec MR+}
rCold    + . .     Gourm    .   (shield currently unavailable)
rNeg     + . .     Faith    .   v - +1 robe {rC+}
rPois    ∞         Spirit   .   (no helmet)
rElec    +         Reflect  .   (no cloak)
rCorr    .         Harm     .   (no gloves)
MR       +....     NoTele   +   (no boots)
Stlth    +++.......             (no amulet)
HPRegen  0.25/turn              p - +3 ring of dexterity
MPRegen  0.13/turn              r - +3 ring of protection

@: berserk cooldown, slowed, very slow
A: negative energy resistance 1, electricity resistance, unbreathing,
petrification resistance, rot immunity, AC +8
a: Berserk, Trog's Hand, Brothers in Arms, Renounce Religion


You were in the Dungeon.
You worshipped Trog.
Trog was extremely pleased with you.
You were near starving.

You visited 1 branch You collected 17 gold pieces.

Inventory:

Hand Weapons
 m - the +7 battleaxe of the Forgotten Moons (weapon) {chop, rElec MR+}
   (Trog gifted it to you in the Dungeon)

   It inflicts extra damage upon your enemies.
   It insulates you from electricity.
   It affects your resistance to hostile enchantments.
 n - a +1 war axe of electrocution
 o - a +2 executioner's axe of chopping
 s - a +2 war axe of freezing
 y - a +2 executioner's axe of flaming
 B - a +5 antimagic broad axe
Armour
 v - a +1 robe of cold resistance (worn)
Jewellery
 j - an uncursed ring of magical power
 p - a +3 ring of dexterity (left hand)
 r - a +3 ring of protection (right hand)
Scrolls
 b - 3 scrolls of identify
 i - 3 scrolls of blinking
 k - 5 scrolls of remove curse
 l - a scroll of summoning
 x - 2 scrolls of enchant armour
 z - 2 scrolls of fog
Potions
 a - 2 potions of invisibility
 d - 8 potions of curing
 e - 10 potions of heal wounds
 f - 7 potions of haste
 g - 4 potions of magic
 h - 6 potions of berserk rage
 q - 2 potions of might
 w - a potion of agility
Miscellaneous
 u - a box of beasts
Comestibles
 c - 6 rations


   Skills:
 + Level 17.6 Fighting
 + Level 19.5 Axes
 + Level 4.2 Armour
 + Level 11.8 Dodging
 + Level 5.9 Stealth


You had 11 spell levels left.
You didn't know any spells.
Your spell library was empty.

Dungeon Overview and Level Annotations

Branches:
Dungeon (1/1)

Altars:
Ashenzari
Cheibriados
Dithmenos
Elyvilon
Fedhas
Gozag
Hepliaklqana
Kikubaaqudgha
Makhleb
Nemelex Xobeh
Okawaru
Qazlal
Ru
Sif Muna
Trog
Uskayaw
Vehumet
Wu Jian
Xom
Yredelemnul
Zin
The Shining One
Beogh
Jiyva
Lugonu


Innate Abilities, Weirdness & Mutations

You are resistant to torment.
Your stone body is resilient. (AC +8)
You are immune to poison.
You resist negative energy. (rN+)
You are resistant to electric shocks. (rElec)
You can survive without breathing.
You are immune to petrification.
You are immune to rotting.


Message History

* * * LOW HITPOINT WARNING * * *
A titan comes into view.
There is a huge open gate to the Vestibule (Extremely Hard), spattered with
Things that are here:
a dagger; a leather armour; an elf corpse The hellephant blinks!
Your deep troll bites the hellephant!!
Your deep troll barely misses the hellephant. x2
There is a huge open gate to the Vestibule (Extremely Hard) here.
Unknown command.
The bolt of dispelling energy hits your deep troll.
A bolt of dispelling energy appears from out of your range of vision.
Your deep troll bites the hellephant but does no damage.
Your deep troll claws the hellephant.
Your deep troll claws the hellephant!
The hellephant blinks!
The tormentor calls on the powers of darkness!
Your deep troll convulses!
Your body is wracked with pain!
* * * LOW HITPOINT WARNING * * *
The hellephant tramples you!!
You die...

##..........C.
#..........§..
#.............
#.......2.....
#............
#..§.......
#'T#
#####Y'#####
#.....@....#
#..........#
+..#..[)#..#
+..........#
#..........#
#..#....#..#
+..........#
+..........#
#..#....#..#


You could see a hellephant, a tormentor and a friendly deep troll (berserk).

Vanquished Creatures
  A yellow draconian (D)
  A deep elf annihilator (D)
  Josephine (D)
  An ice dragon (D)
  Erica (D)
  An orc high priest (D)
  2 deep trolls (D)
  An unseen horror (D)
  A deep elf mage (D)
  An elephant (D)
  A kobold demonologist (D)
  2 efreet (D)
  A rime drake (shapeshifter) (D)
  2 ice devils (D)
  A hellwing (D)
  A red devil (D)
  A troll (D)
  A polar bear (D)
  A snapping turtle (D)
  4 dream sheep (D)
  A redback (D)
  A flying skull (D)
  A water elemental (D)
  3 wraiths (D)
  2 tarantellas (D)
  6 yaks (D)
  2 hungry ghosts (D)
  A steam dragon (D)
  A warg (D)
  A porcupine (D)
  A floating eye (D)
  3 orc warriors (D)
  2 phantoms (D)
  An ogre (D)
  A centaur (D)
  A crocodile (D)
  3 orc priests (D)
  2 orc wizards (D)
  A worker ant (D)
  5 gnolls (D)
  An adder (D)
  A river rat (D)
  An ufetubus (D)
  An ooze (D)
  An adder skeleton (D)
  8 orcs (D)
  A bat (D)
  2 giant cockroaches (D)
  A goblin (D)
  4 jackals (D)
  A kobold (D)
  A quokka (D)
  3 frilled lizards (D)
  A rat (D)
92 creatures vanquished.

Vanquished Creatures (collateral kills)
  A nagaraja (D)
  An emperor scorpion (D)
  A purple draconian (D)
  A hydra (D)
  A swamp dragon (D)
  An unseen horror (D)
  A sea snake (D)
  A phantasmal warrior (D)
  An orc sorcerer (D)
  A black mamba (D)
  A redback (D)
  A tarantella (D)
  2 wraiths (D)
  Eustachio (D)
  3 yaks (D)
  An acid dragon (D)
  A porcupine (D)
  An orc warrior (D)
  A centaur (D)
  A quasit (D)
  2 gnoll shamans (D)
  An orc wizard (D)
  5 gnolls (D)
  3 orcs (D)
34 creatures vanquished.

Vanquished Creatures (others)
  An orc knight (D)
  A steam dragon (D)
  An orc priest (D)
  An orc (D)
4 creatures vanquished.

Grand Total: 130 creatures vanquished

Notes
Turn   | Place    | Note
-------+----------+-------------------------------------------
     0 | D        | Fang the Gargoyle Berserker began the quest for the Orb.
     0 | D        | Reached XP level 1. HP: 14/14 MP: 1/1
    20 | D        | Reached skill level 3 in Axes
    78 | D        | Found a bloodstained altar of Trog.
    78 | D        | Found a deep blue altar of Sif Muna.
    78 | D        | Found a viscous altar of Jiyva.
    78 | D        | Found a hazy altar of Hepliaklqana.
    78 | D        | Found an opulent altar of Gozag.
    80 | D        | Found a glowing golden altar of the Shining One.
    80 | D        | Found a glowing silver altar of Zin.
    80 | D        | Found a basalt altar of Yredelemnul.
    80 | D        | Found a shimmering altar of Xom.
    80 | D        | Found an ornate altar of the Wu Jian Council.
    80 | D        | Found a sacrificial altar of Ru.
    80 | D        | Found a stormy altar of Qazlal.
    80 | D        | Found an iron altar of Okawaru.
    80 | D        | Found a sparkling altar of Nemelex Xobeh.
    80 | D        | Found a burning altar of Makhleb.
    80 | D        | Found a blossoming altar of Fedhas.
    80 | D        | Found a white marble altar of Elyvilon.
    80 | D        | Found a shadowy altar of Dithmenos.
    80 | D        | Found a snail-covered altar of Cheibriados.
    82 | D        | Found a radiant altar of Vehumet.
    82 | D        | Found a corrupted altar of Lugonu.
    82 | D        | Found a roughly hewn altar of Beogh.
   126 | D        | Reached ** piety under Trog
   230 | D        | Noticed a worker ant
   239 | D        | Killed a worker ant
   239 | D        | Reached skill level 5 in Fighting
   239 | D        | Reached skill level 4 in Axes
   239 | D        | Reached XP level 2. HP: 15/21 MP: 2/2
   239 | D        | Reached XP level 3. HP: 19/26 MP: 3/3
   393 | D        | Reached *** piety under Trog
   393 | D        | Reached skill level 5 in Axes
   393 | D        | Reached XP level 4. HP: 30/32 MP: 4/4
   410 | D        | Reached **** piety under Trog
   411 | D        | Reached skill level 6 in Axes
   417 | D        | Reached XP level 5. HP: 37/37 MP: 5/5
   520 | D        | Noticed a porcupine
   532 | D        | Reached skill level 7 in Axes
   535 | D        | Reached ***** piety under Trog
   539 | D        | Noticed an orc warrior
   545 | D        | Noticed a phantom
   555 | D        | Killed an orc warrior
   555 | D        | Received a gift from Trog
   555 | D        | Reached skill level 8 in Axes
   555 | D        | Reached skill level 5 in Dodging
   555 | D        | Reached XP level 6. HP: 8/45 MP: 6/6
   556 | D        | HP: 2/67 [porcupine's spines (6)]
   556 | D        | Killed a porcupine
   556 | D        | Reached skill level 9 in Axes
   560 | D        | Killed a phantom
   560 | D        | Reached XP level 7. HP: 3/51 MP: 7/7
   851 | D        | Reached skill level 10 in Axes
   881 | D        | Noticed a flying skull
   893 | D        | Killed a flying skull
   893 | D        | Reached skill level 10 in Fighting
  1018 | D        | Noticed a deep elf mage
  1024 | D        | Killed a deep elf mage
  1024 | D        | Reached ****** piety under Trog
  1024 | D        | Received a gift from Trog
  1024 | D        | Reached skill level 11 in Axes
  1024 | D        | Reached XP level 8. HP: 59/59 MP: 2/8
  1084 | D        | Noticed an efreet
  1100 | D        | Killed an efreet
  1100 | D        | Reached skill level 12 in Axes
  1318 | D        | Found a hide-covered altar of Uskayaw.
  1318 | D        | Found an ancient bone altar of Kikubaaqudgha.
  1318 | D        | Found a shattered altar of Ashenzari.
  1345 | D        | Noticed a phantasmal warrior
  1345 | D        | Noticed a dream sheep
  1345 | D        | Noticed a dream sheep
  1345 | D        | Noticed a dream sheep
  1345 | D        | Noticed a dream sheep
  1349 | D        | Killed a dream sheep
  1349 | D        | Reached XP level 9. HP: 64/64 MP: 3/9
  1354 | D        | Reached skill level 13 in Axes
  1354 | D        | Reached skill level 1 in Stealth
  1354 | D        | Killed a phantasmal warrior
  1405 | D        | Noticed a deep troll
  1405 | D        | Noticed a polar bear
  1413 | D        | Killed a deep troll
  1413 | D        | Reached skill level 14 in Axes
  1414 | D        | Killed a polar bear
  1414 | D        | Received a gift from Trog
  1414 | D        | Reached XP level 10. HP: 66/72 MP: 3/10
  1539 | D        | Noticed a kobold demonologist
  1539 | D        | Noticed a deep troll
  1554 | D        | Killed a deep troll
  1554 | D        | Reached skill level 15 in Axes
  1560 | D        | Killed a kobold demonologist
  1697 | D        | Received a gift from Trog
  1971 | D        | Noticed a sea snake
  1978 | D        | Noticed Josephine
  1990 | D        | Killed Josephine
  1990 | D        | Received a gift from Trog
  1990 | D        | Reached skill level 16 in Axes
  1991 | D        | Found the +8 glaive of the Guard {elec, +Rage AC+5 SInv}
  1999 | D        | Killed a sea snake
  1999 | D        | Reached XP level 11. HP: 37/80 MP: 3/11
  2193 | D        | Killed an unseen horror
  2197 | D        | Reached skill level 17 in Axes
  2198 | D        | Reached skill level 15 in Fighting
  2198 | D        | Reached skill level 10 in Dodging
  2198 | D        | Received a gift from Trog
  2398 | D        | Noticed an orc knight
  2399 | D        | Noticed a swamp dragon
  2400 | D        | Received a gift from Trog
  2403 | D        | Got a fine battleaxe {god gift}
  2407 | D        | Received a gift from Trog
  2407 | D        | Noticed a nagaraja
  2414 | D        | Noticed an orc sorcerer
  2416 | D        | Killed a nagaraja
  2416 | D        | Received a gift from Trog
  2421 | D        | Killed an orc knight
  2427 | D        | Noticed Eustachio
  2428 | D        | Killed Erica
  2430 | D        | Killed an orc sorcerer
  2433 | D        | Killed a swamp dragon
  2435 | D        | Killed an unseen horror
  2435 | D        | Received a gift from Trog
  2436 | D        | Killed Eustachio
  2461 | D        | Identified the +7 battleaxe of the Forgotten Moons {chop,
                  | rElec MR+} (Trog gifted it to you in the Dungeon)
  2822 | D        | Upgraded the game from 0.23-a0-143-g1adec7b to
                  | 0.23-a0-147-g7935be9
  2898 | D        | Reached skill level 18 in Axes
  3072 | D        | Received a gift from Trog
  3075 | D        | Reached skill level 5 in Stealth
  3080 | D        | Received a gift from Trog
  3293 | D        | Noticed an orc high priest
  3300 | D        | Killed an orc high priest
  3300 | D        | Reached XP level 12. HP: 90/90 MP: 12/12
  3381 | D        | Noticed a yellow draconian
  3391 | D        | Received a gift from Trog
  3395 | D        | Killed a yellow draconian
  3462 | D        | Noticed an eight-headed hydra
  3473 | D        | Killed a ten-headed hydra
  3473 | D        | Received a gift from Trog
  3740 | D        | Noticed a deep elf annihilator
  3740 | D        | Noticed an emperor scorpion
  3740 | D        | Noticed a purple draconian
  3740 | D        | Noticed an ice dragon
  3753 | D        | Killed a purple draconian
  3753 | D        | Reached skill level 19 in Axes
  3755 | D        | Killed an emperor scorpion
  3759 | D        | Killed an ice dragon
  3764 | D        | Killed a deep elf annihilator
  3765 | D        | Noticed a hellephant
  3765 | D        | Noticed a titan
  3767 | D        | Mangled by a hellephant

Vault maps used:
D:        pitsprint

Skill      XL: |  1  2  3  4  5  6  7  8  9 10 11 12 |
---------------+-------------------------------------+-----
Axes           | 4 5 6 8 9 11 12 14 16 18 19 | 19.5
Fighting       | 5 6 8 9 10 11 12 14 16 17 | 17.6
Dodging        | 2 3 5 7 8 9 10 11 | 11.8
Armour         | 3 4 |  4.2
Stealth        | 2 3 5 |  5.9

Action                   |  1- 3 |  4- 6 |  7- 9 | 10-12 || total
-------------------------+-------+-------+-------+-------++-------
Melee: Hand axe          |    27 |    52 |     8 |       ||    87
       War axe           |       |       |    44 |    92 ||   136
       Battleaxe         |       |       |       |    47 ||    47
Invok: Berserk           |     1 |     2 |     4 |    10 ||    17
       Brothers in Arms  |       |       |     1 |    10 ||    11
  Use: Potion            |       |       |       |     4 ||     4
       Scroll            |       |       |       |     2 ||     2
 Stab: Distracted        |       |       |       |     1 ||     1
  Eat: Chunk             |       |       |     4 |    14 ||    18
       Ration            |       |       |     1 |     2 ||     3
Armor: Animal skin       |     6 |    13 |    11 |    45 ||    75
       Robe              |       |       |       |    35 ||    35
Dodge: Dodged            |    20 |    27 |    38 |   152 ||   237

Table legend:
 A = Non-vault XP
 B = Vault XP
 C = Vault XP percentage of total XP
 D = Non-vault monster count
 E = Vault monster count
 F = Vault count percentage of total count
                 A         B        C        D         E       F
            +---------+---------+-------+---------+---------+-------
      Total |       0 |   26105 | 100.0 |       0 |     127 | 100.0
            +---------+---------+-------+---------+---------+-------
          D |       0 |   26105 | 100.0 |       0 |     127 | 100.0
            +---------+---------+-------+---------+---------+-------
